 Dungeon Crawl Stone Soup version 0.19-a0-1218-gcd7aee6 (webtiles) character file.

84 MrRokkomies the Firebug (level 4, -5/24 HPs)
             Began as a Deep Elf Fire Elementalist on Aug 24, 2016.
             Slain by a gnoll
             ... wielding a +0 halberd
              (17 damage)
             ... on level 2 of the Dungeon.
             The game lasted 00:05:33 (1462 turns).

MrRokkomies the Firebug (DEFE)                      Turns: 1462, Time: 00:05:33

Health: -5/24      AC:  8    Str:  6    XL:     4   Next: 24%
Magic:  7/10       EV: 13    Int: 20    God:
Gold:   120        SH:  0    Dex: 15    Spells: 3 memorised, 3 levels left

rFire  . . .     SeeInvis .     m - +0 spear
rCold  . . .     Gourm    .     a - +0 robe
rNeg   . . .     Faith    .     (no shield)
rPois  .         Spirit   .     d - +2 helmet
rElec  .         Dismiss  .     l - +2 cloak {+Inv}
rCorr  .         Reflect  .     (no gloves)
MR     +....     Harm     .     (no boots)
Stlth  ++........               (no amulet)
                                (no ring)
                                j - ring of protection from magic

@: no status effects
A: no striking features
a: Evoke Invisibility


You were on level 2 of the Dungeon.
You were not hungry.

You visited 1 branch of the dungeon, and saw 2 of its levels.

You collected 120 gold pieces.

Inventory:

Hand Weapons
 m - a +0 spear (weapon)
Missiles
 h - 3 tomahawks (quivered)
Armour
 a - a +0 robe (worn)
 d - a +2 helmet (worn)
 l - a +2 cloak of invisibility (worn)
Jewellery
 j - a ring of protection from magic (left hand)
Scrolls
 i - a scroll of identify
Potions
 e - 2 potions of flight
 k - 2 potions of ambrosia
 o - a potion of might {unknown}
Books
 b - a book of Flames

   Spells                             Type                      Level
   a - Flame Tongue                   Conjuration/Fire             1
   b - Throw Flame                    Conjuration/Fire             2
   c - Conjure Flame                  Conjuration/Fire             3
   d - Inner Flame                    Hexes/Fire                   3
   e - Sticky Flame                   Conjuration/Fire             4
   f - Fireball                       Conjuration/Fire             5
Comestibles
 c - a bread ration
 f - 11 fruits
 g - a meat ration


   Skills:
 - Level 2.4 Dodging
 - Level 2.4 Stealth
 - Level 3.0 Spellcasting
 * Level 3.0 Conjurations
 * Level 4.7 Fire Magic


You had 3 spell levels left.
You knew the following spells:

 Your Spells              Type           Power        Failure   Level  Hunger
a - Flame Tongue          Conj/Fire      ###..        2%          1    None
b - Conjure Flame         Conj/Fire      ###.....     10%         3    ###....
c - Throw Flame           Conj/Fire      ###...       4%          2    ##.....


Dungeon Overview and Level Annotations

Branches:
Dungeon (2/15)

Altars:


Message History

The gnoll moves out of view. x2
The gnoll shouts! x2; You hear a shout!
Casting: Flame Tongue
Confirm with . or Enter, or press ? or * to list all spells.
Aiming: Flame Tongue
Press: ? - help, Shift-Dir - straight line, f - gnoll
Aim: a gnoll, wielding a halberd The flame tongue hits the gnoll.
The gnoll is moderately wounded.
The gnoll hits you from afar with a halberd!
Ouch! That really hurt!
A hobgoblin comes into view. It is wielding a club.
Casting: Flame Tongue
Confirm with . or Enter, or press ? or * to list all spells.
Aiming: Conjure Flame
Press: ? - help, Dir - move target cursor, p - gnoll The fire roars!
The gnoll hits you from afar with a halberd!
Ouch! That really hurt!
You die...

...............######.(.
.... #.........g........
#...##..................
#......................
###..##g####....##.....
##..g................
###g#####......##... #§#
##............
#@###.†#.....#..##
#.##..#......#.###
#########.##......#..#....
#.................#.......
#...............#.#.......
#...........†#".#.#.......
#...............#.#.#.....
#..........#..#.#.#.##.?..
#..........##...#.#.##....


You could see 3 gnolls.

Vanquished Creatures
  3 adders (D:2)
  2 oozes (D:1)
  A worm (D:2)
  A dart slug (D:1)
  4 giant geckos
  A ball python (D:2)
  4 hobgoblins
  2 jackals (D:2)
  9 kobolds
  4 bats
  7 giant newts
  A goblin (D:2)
  5 rats
44 creatures vanquished.

Notes
Turn   | Place    | Note
-------+----------+-------------------------------------------
     0 | D:1      | MrRokkomies the Deep Elf Fire Elementalist began the quest for the Orb.
     0 | D:1      | Reached XP level 1. HP: 10/10 MP: 6/6
   215 | D:1      | Reached XP level 2. HP: 15/15 MP: 4/8
   463 | D:1      | Reached skill level 4 in Fire Magic
   690 | D:1      | Reached XP level 3. HP: 19/19 MP: 9/9
   947 | D:2      | Learned a level 3 spell: Conjure Flame
   950 | D:2      | Learned a level 2 spell: Throw Flame
  1234 | D:2      | Reached XP level 4. HP: 24/24 MP: 3/10
  1462 | D:2      | Slain by a gnoll

Vault maps used:
D:1:      evilmike_arrival_rings, minmay_box_of_dots
D:2:      minmay_tetromino_l4

Skill      XL: |  1  2  3  4 |
---------------+-------------+-----
Conjurations   | 2 3 |  3.0
Fire Magic     | 4 |  4.7
Dodging        | |  2.4
Stealth        | |  2.4
Spellcasting   | |  3.0

Action                   |  1- 3 |  4- 6 || total
-------------------------+-------+-------++-------
Melee: Short sword       |    12 |       ||    12
       Spear             |    61 |    24 ||    85
 Cast: Flame Tongue      |    54 |     5 ||    59
       Conjure Flame     |       |     1 ||     1
  Use: Scroll            |     8 |     2 ||    10
 Stab: Sleeping          |     4 |     1 ||     5
  Eat: Chunk             |     1 |     1 ||     2
Armor: Robe              |    33 |     9 ||    42
Dodge: Dodged            |    61 |    22 ||    83
